AoeStats
← Eclipse

Fortress

509336026Analyzed
2v2 RM · 6d ago on Sep 26, 2026· 54m 19s· 4 players
Game mode
Random Map
Map size
Normal (6 player)
Population
200
Speed
Normal
Resources
Standard
Victory
Conquest
Starting age
Dark Age
Ending age
Imperial Age
RankedLock teamsTeams togetherTeam positionsShared explorationLock speedFull tech treeHidden civsTurbo modeCheats
Victory
Defeat
🇩🇪 Persians · Germany
1025
+13
🇦🇷 Khmer · Argentina
965
+46
🇷🇴 Varangians · Romania
1057
-19
🇷🇴 Khmer · Romania
860
-17
kkfloauer
0:50 Loom
7:46 Feudal Age
9:00 Wheelbarrow
8:11 Double-Bit Axe
8:37 Horse Collar
11:46 Stone Mining
14:45 Castle Age
13:28 Gold Mining
15:59 Hand Cart
23:52 Elite Skirmisher
25:18 Gold Shaft Mining
25:23 Heavy Plow
26:04 Forging
26:40 Bow Saw
26:52 Scale Barding Armor
28:56 Ballistics
29:27 Iron Casting
31:55 Imperial Age
29:58 Fletching
30:09 Padded Archer Armor
30:30 Chain Barding Armor
30:42 Bodkin Arrow
31:11 Chain Barding Armor
32:02 Leather Archer Armor
32:47 Thumb Ring
32:34 Elite War Elephant
35:44 Two-Man Saw
35:25 Crop Rotation
38:07 Blast Furnace
37:47 Plate Barding Armor
37:46 Ring Archer Armor
36:41 Light Cavalry
37:41 Bloodlines
37:56 Husbandry
37:36 Hussar
40:28 Town Watch
42:17 Heavy Camel Rider
43:47 Conscription
srpock12345
8:42 Feudal Age
10:36 Horse Collar
10:48 Gold Mining
10:55 Double-Bit Axe
12:04 Stone Mining
13:34 Wheelbarrow
17:25 Castle Age
24:57 Heavy Plow
25:42 Bow Saw
26:34 Caravan
27:54 Hand Cart
28:38 Gold Shaft Mining
28:39 Stone Shaft Mining
28:46 Stone Shaft Mining
32:07 Scale Barding Armor
32:13 Forging
36:06 Imperial Age
33:48 Husbandry
34:00 Bloodlines
33:18 Light Cavalry
36:53 Siege Engineers
37:50 Chemistry
36:54 Double Crossbow
36:25 Heavy Scorpion
41:34 Crop Rotation
41:47 Hussar
43:34 Chain Barding Armor
43:49 Iron Casting
Eclipse
7:46 Feudal Age
13:21 Wheelbarrow
13:07 Double-Bit Axe
13:05 Horse Collar
14:16 Forging
14:08 Scale Mail Armor
18:30 Castle Age
17:28 Fletching
17:36 Gold Mining
17:37 Stone Mining
20:28 Iron Casting
20:08 Chain Mail Armor
20:20 Bodkin Arrow
21:11 Caravan
23:27 Hand Cart
23:00 Loom
23:33 Bow Saw
24:31 Bloodlines
24:28 Husbandry
24:16 Pikeman
28:57 Imperial Age
28:38 Chain Mail Armor
28:29 Scale Barding Armor
28:25 Padded Archer Armor
30:08 Conscription
31:22 Halberdier
32:48 Gold Shaft Mining
32:48 Stone Shaft Mining
31:46 Elite Skirmisher
33:29 Blast Furnace
34:31 Leather Archer Armor
34:30 Town Watch
35:22 Tusk Swords
38:34 Town Patrol
38:44 Elite Battle Elephant
39:46 Onager
39:59 Light Cavalry
41:16 Ring Archer Armor
41:43 Heavy Plow
41:19 Elite Ballista Elephant
44:15 Sappers
45:22 Hoardings
45:11 Chain Barding Armor
44:51 Bracer
44:17 Hussar
45:30 Heavy Scorpion
50:11 Chemistry
50:44 Plate Barding Armor
50:36 Ballistics
dani
8:04 Feudal Age
6:20 Loom
12:07 Castle Age
11:43 Double-Bit Axe
12:20 Fletching
13:04 Bodkin Arrow
13:56 Padded Archer Armor
19:58 Bow Saw
19:29 Horse Collar
21:00 Wheelbarrow
20:49 Forging
20:29 Town Watch
22:24 Hand Cart
21:57 Town Watch
28:55 Imperial Age
27:12 Heavy Plow
27:39 Pikeman
28:19 Squires
29:36 Town Patrol
29:21 Halberdier
29:22 Elite Varangian Guard
29:57 Gambesons
30:53 Iron Casting
30:18 Scale Mail Armor
30:57 Onager
33:02 Chain Mail Armor
33:48 Blast Furnace
33:13 Conscription
33:09 Gold Mining
33:09 Stone Mining
35:01 Theocracy
34:52 Caravan
35:07 Light Cavalry
35:57 Bloodlines
35:48 Husbandry
35:59 Vendel Legacy
38:49 Two-Man Saw
38:20 Crop Rotation
39:48 Blast Furnace
38:53 Scale Barding Armor
38:59 Hussar
40:01 Heavy Scorpion
41:17 Plate Mail Armor
40:47 Bracer
41:43 Siege Engineers
41:59 Ballistics
42:41 Chemistry
41:37 Murder Holes
Connection lost

Rejoining the realm…

Still unreachable

The connection could not be restored.

Session expired

The server has moved on; the page needs a fresh start.